 Dungeon Crawl Stone Soup version 0.29-a0-664-gff9cad4a3d (webtiles) character file.

Game seed: 15920851184066225309

17028 Sobieck the Markstengu (level 12, -1/70 HPs)
             Began as a Tengu Hunter on June 22, 2022.
             Was a Believer of Fedhas.
             Succumbed to Sonja's curare-tipped dart
             ... on level 2 of the Lair of Beasts.
             The game lasted 00:34:58 (11819 turns).

Sobieck the Markstengu (Tengu Hunter)              Turns: 11819, Time: 00:34:58

Health: -1/70      AC: 12    Str: 13    XL:     12   Next: 43%
Magic:  18/18      EV: 19    Int: 10    God:    Fedhas [**....]
Gold:   1035       SH:  5    Dex: 21    Spells: 11/11 levels left

rFire   . . .      SeeInvis +   a - +1 shortbow {bow}
rCold   . . .      Faith    .   (shield currently unavailable)
rNeg    . . .      Spirit   .   X - +0 troll leather armour
rPois   .          Reflect  +   (helmet restricted)
rElec   .          Harm     .   j - +2 cloak
rCorr   .          Rampage  .   (no gloves)
Will    .....                   (boots unavailable)
Stlth   +++.......              d - amulet of reflection
HPRegen 1.01/turn               g - ring of see invisible
MPRegen 0.16/turn               Y - +4 ring of protection

@: lethally poisoned (-1 -> -16), flying quickly and evasively, hasted and
slowed, quick
A: beak, talons 3, nimble flight
a: Renounce Religion, Wall of Briars


You were on level 2 of the Lair of Beasts.
You worshipped Fedhas.
Fedhas was pleased with you.
You visited 3 branches of the dungeon, and saw 13 of its levels.
You also visited: Ossuary.

You collected 1035 gold pieces.


Innate Abilities, Weirdness & Mutations

You have a beak for a mouth.
You have claws for feet.
Your magical nature lets you fly swiftly and evasively.


   Skills:
 + Level 6.2 Fighting
 - Level 16.0 Bows
 + Level 6.4 Armour
 + Level 6.9 Dodging
 - Level 5.0 Stealth
 * Level 7.7 Invocations


You had 11 spell levels left.
You didn't know any spells.
Your spell library contained the following spells:

 Spells                   Type           Power      Damage    Failure   Level
 Foxfire                  Conj/Fire      0%         2x1d4     43%         1
 Sandblast                Erth           0%         2d4       43%         1
 Shock                    Conj/Air       0%         1d3       43%         1
 Passwall                 Tmut/Erth      0%         N/A       56%         2
 Conjure Flame            Conj/Fire      0%         6-21      80%         3
 Inner Flame              Hex/Fire       0%         N/A       80%         3
 Stone Arrow              Conj/Erth      0%         3d7       80%         3
 Swiftness                Air            0%         N/A       80%         3
 Airstrike                Air            0%         N/A       99%         4
 Anguish                  Hex/Necr       0%         N/A       99%         4
 Animate Armour           Summ/Erth      0%         N/A       99%         4
 Flame Wave               Conj/Fire      0%         2d4       99%         4
 Summon Ice Beast         Ice/Summ       0%         N/A       99%         4
 Freezing Cloud           Conj/Ice/Air   0%         6-21      100%        5
 Summon Mana Viper        Hex/Summ       0%         N/A       100%        5
 Simulacrum               Ice/Necr       0%         N/A       100%        6
 Enfeeble                 Hex            0%         N/A       100%        7
 Monstrous Menagerie      Summ           0%         N/A       100%        7
 Lehudib's Crystal Spear  Conj/Erth      0%         10d2      100%        8
 Polar Vortex             Ice            0%         N/A       100%        9

Inventory:

Hand Weapons
 a - a +1 shortbow (weapon) {bow}
 l - a +1 spear of flaming {polearm}
   (You found it on level 8 of the Dungeon)
 x - a +1 whip of freezing {mace}
   (You took it off a gnoll on level 3 of the Dungeon)
 z - the +6 hunting sling "Leudyapt" {venom, rF- Dex+4, sling}
   (You found it on level 4 of the Dungeon)

   Any ammunition fired from it poisons the flesh of those it strikes.
   Dex:       It affects your dexterity (+4).
   rF:        It makes you vulnerable to fire.
 E - a +0 rapier of electrocution {short}
   (You took it off Eustachio on level 5 of the Dungeon)
 L - a +6 dire flail of venom {mace}
   (You took it off Edmund on level 5 of the Dungeon)
 N - a +1 whip of freezing {mace}
   (You took it off Pikel on level 5 of the Dungeon)
 V - a +1 mace {mace}
   (You took it off a wight on level 6 of the Dungeon)
Missiles
 e - 121 stones {throwing}
 i - 53 poisoned darts {throwing}
 p - 11 boomerangs {throwing}
Armour
 j - a +2 cloak (worn)
   (You found it on level 1 of the Dungeon)
 B - a +0 ring mail
   (You found it on level 4 of the Dungeon)
 F - a +0 leather armour
   (You took it off an orc on level 6 of the Dungeon)
 G - a +0 leather armour
   (You took it off Eustachio on level 5 of the Dungeon)
 K - a +0 ring mail
   (You found it on level 6 of the Dungeon)
 M - a +0 scale mail
   (You took it off Edmund on level 5 of the Dungeon)
 O - a +0 robe
   (You took it off Pikel on level 5 of the Dungeon)
 U - a +0 leather armour
   (You took it off an orc on level 6 of the Dungeon)
 W - a +0 robe
   (You took it off a wight on level 6 of the Dungeon)
 X - a +0 troll leather armour (worn)
   (You found it on level 6 of the Dungeon)
 Z - a +0 robe
   (You took it off a wight on level 6 of the Dungeon)
Jewellery
 d - an amulet of reflection (around neck)
   (You found it on level 1 of the Lair of Beasts)
 g - a ring of see invisible (left hand)
   (You found it on level 1 of the Dungeon)
 k - a +6 ring of intelligence
   (You found it on level 3 of the Dungeon)
 q - a ring of positive energy
   (You found it on level 2 of the Dungeon)
 J - an amulet of faith {!P}
   (You found it on level 6 of the Dungeon)
 Y - a +4 ring of protection (right hand)
   (You found it on level 6 of the Dungeon)
Wands
 h - a wand of digging (6)
   (You found it on level 4 of the Dungeon)
 v - a wand of iceblast (11)
   (You found it on level 7 of the Dungeon)
Scrolls
 c - 3 scrolls of immolation {!r!r}
 f - 4 scrolls of blinking {!r}
 n - 4 scrolls of fear
 o - 2 scrolls of silence {!r}
 s - a scroll of summoning
 t - a scroll of identify {@r1}
 y - 5 scrolls of fog
 A - 5 scrolls of teleportation {@r4}
 C - a scroll of amnesia
 T - 2 scrolls of magic mapping {!r}
Potions
 b - 2 potions of invisibility
 m - a potion of ambrosia
 r - a potion of might
 w - a potion of flight
 D - 3 potions of attraction {!q}
 H - 2 potions of cancellation
 P - 3 potions of brilliance
 Q - a potion of mutation {!q}
 R - 2 potions of haste {@q3}
 S - a potion of resistance

Dungeon Overview and Level Annotations

Branches:
Dungeon (10/15) Zot: 26004  Temple (1/1) D:4 Zot: 5979    Lair (2/6) D:9 Zot: 11192
Ossuary (visited)
  Swamp: Lair:2-4    Shoals: Lair:2-4     Snake: Lair:2-4    Spider: Lair:2-4
    Orc: D:9-12

Altars:
Ashenzari
Cheibriados
Dithmenos
Elyvilon
Fedhas
Kikubaaqudgha
Makhleb
Nemelex Xobeh
Okawaru
Qazlal
Sif Muna
Trog
Uskayaw
Vehumet
Xom
Zin
The Shining One
Beogh

Shops:
D:8 :

Annotations:
D:3 1 runed translucent door, buhh's ghost, amateur FoHu
D:7 Joseph
Lair:2 Sonja

#.#.....†....
###...........
#....>.#......
##....###......
##....##
#......
##....##
#......
####....##
#......
#.#.....P#
##.....
##Fl@F..###
.....
##.......#
#.$K..####
#.....P#
#....###
#..†.## ..Y..##
#....# #....#


You could see a yak, Sonja (ally target), a friendly komodo dragon (summoned)
and 2 friendly bullfrogs.


Message History

Press: ? - help, Q - select action, (/) - cycle Shift-Dir - straight line, f/p - Sonja
Aim: Sonja, wielding a +4 short sword of venom and quivering curare-tipped darts (almost dead, 39% to hit)
You shoot an arrow. The arrow closely misses Sonja.
You feel sick.
Sonja hits you with a +4 short sword of venom.
* * * LOW HITPOINT WARNING * * *
You are more poisoned.
Sonja hits you with a +4 short sword of venom.
* * * LOW HITPOINT WARNING * * *
You are more poisoned.
Sonja hits you but does no damage.
You are lethally poisoned!
Shoot: a) +1 shortbow {bow}
Press: ? - help, Q - select action, (/) - cycle Shift-Dir - straight line, f/p - Sonja
Aim: Sonja, wielding a +4 short sword of venom and quivering curare-tipped darts (almost dead, 39% to hit)
You shoot an arrow. The arrow barely misses Sonja.
* * * LOW HITPOINT WARNING * * *
You feel extremely sick. Sonja completely misses you. Sonja barely misses you.
Sonja hits you with a +4 short sword of venom.
* * * LOW HITPOINT WARNING * * *
You are more poisoned.
Shoot: a) +1 shortbow {bow}
Press: ? - help, Q - select action, (/) - cycle Shift-Dir - straight line, f/p - Sonja
Aim: Sonja, wielding a +4 short sword of venom and quivering curare-tipped darts (almost dead, 39% to hit)
You shoot an arrow. The arrow misses Sonja.
* * * LOW HITPOINT WARNING * * *
You feel extremely sick.
Sonja mumbles some strange words.
Sonja blinks!
Unknown command.
You feel much better.
* * * LOW HITPOINT WARNING * * *
You feel extremely sick.
Sonja hits you but does no damage. x2; Sonja closely misses you.
Sonja misses you.
Sonja hits you with a +4 short sword of venom.
* * * LOW HITPOINT WARNING * * *
You are more poisoned.
You block Sonja's attack.
You feel much better.
You feel yourself speed up.
You feel extremely sick.
Sonja mumbles some strange words.
Sonja blinks!
Unknown command.
Shoot: a) +1 shortbow {bow}
Press: ? - help, Q - select action, (/) - cycle Shift-Dir - straight line, f/p - Sonja
Aim: Sonja, wielding a +4 short sword of venom and quivering curare-tipped darts (almost dead, 39% to hit)
You shoot an arrow. The arrow completely misses Sonja.
You feel very sick.
Shoot: a) +1 shortbow {bow}
Press: ? - help, Q - select action, (/) - cycle Shift-Dir - straight line, f/p - Sonja
Aim: Sonja, wielding a +4 short sword of venom and quivering curare-tipped darts (almost dead, 39% to hit)
You shoot an arrow.
The arrow hits Sonja but does no damage.
You feel very sick.
Shoot: a) +1 shortbow {bow}
Press: ? - help, Q - select action, (/) - cycle Shift-Dir - straight line, f/p - Sonja
Aim: Sonja, wielding a +4 short sword of venom and quivering curare-tipped darts (almost dead, 39% to hit)
You shoot an arrow. The arrow completely misses Sonja.
You feel very sick.
Shoot: a) +1 shortbow {bow}
Press: ? - help, Q - select action, (/) - cycle Shift-Dir - straight line, f/p - Sonja
Aim: Sonja, wielding a +4 short sword of venom and quivering curare-tipped darts (almost dead, 39% to hit)
You shoot an arrow. The arrow misses Sonja.
You feel very sick.
Sonja throws a curare-tipped dart.
The curare-tipped dart misses you.
Shoot: a) +1 shortbow {bow}
Press: ? - help, Q - select action, (/) - cycle Shift-Dir - straight line, f/p - Sonja
Aim: Sonja, wielding a +4 short sword of venom and quivering curare-tipped darts (severely wounded, 39% to hit)
You shoot an arrow. The arrow completely misses Sonja.
You feel very sick.
A yak comes into view.
Sonja throws a curare-tipped dart.
The curare-tipped dart closely misses you.
Shoot: a) +1 shortbow {bow}
Press: ? - help, Q - select action, (/) - cycle Shift-Dir - straight line, f/p - Sonja
Aim: Sonja, wielding a +4 short sword of venom and quivering curare-tipped darts (severely wounded, 39% to hit)
You shoot an arrow. The arrow misses Sonja.
The yak bellows!
You feel very sick.
You hear a bellow! x2
Shoot: a) +1 shortbow {bow}
Press: ? - help, Q - select action, (/) - cycle Shift-Dir - straight line, f/p - Sonja
Aim: Sonja, wielding a +4 short sword of venom and quivering curare-tipped darts (severely wounded, 39% to hit)
You shoot an arrow. The arrow completely misses Sonja.
You feel sick.
Sonja throws a curare-tipped dart.
The curare-tipped dart hits you.
You are lethally poisoned!
You have difficulty breathing.
* * * LOW HITPOINT WARNING * * *
You feel yourself slow down.
As you read the scroll of summoning, it crumbles to dust.
Wisps of shadow whirl around you...
* * * LOW HITPOINT WARNING * * *
You feel extremely sick.
Unknown command.
You die...
Fedhas appreciates your contribution to the ecosystem.

Skill      XL: |  1  2  3  4  5  6  7  8  9 10 11 12 |
---------------+-------------------------------------+-----
Bows           | 5 6 7 8 10 12 15 16 | 16.0
Armour         | 3 5 6 |  6.4
Invocations    | 3 6 7 |  7.7
Stealth        | 3 5 |  5.0
Dodging        | 4 6 |  6.9
Fighting       | 3 5 6 |  6.2

Action                   |  1- 3 |  4- 6 |  7- 9 | 10-12 || total
-------------------------+-------+-------+-------+-------++-------
 Fire: Shortbow          |    63 |   128 |   388 |   717 ||  1296
Invok: Wall of Briars    |       |       |     2 |    36 ||    38
       Grow Ballistomyce |       |       |       |     2 ||     2
Evoke: Wand              |       |       |     1 |       ||     1
  Use: Potion            |       |     2 |     1 |     9 ||    12
       Scroll            |       |    12 |     8 |     7 ||    27
Armor: Leather armour    |     4 |     6 |    26 |       ||    36
       Skin              |       |     1 |       |       ||     1
       Troll leather arm |       |       |    12 |    25 ||    37
Dodge: Dodged            |    17 |    37 |    97 |   103 ||   254
Block: Other             |       |       |       |    10 ||    10

Levels and vault maps discovered:
D:1:      shiori_arrival_whats_in_store_for_you, layout_basic,
          ebering_ecumenical_altar_hall
D:2:      layout_basic, kennysheep_generic_room_10, uniq_natasha, uniq_sigmund
D:3:      layout_loops_ring, portal_sewer_entry_a, gammafunk_ghost_grave
D:4:      layout_layer_cave, grunt_qazlal_clouds, minmay_temple_entry_trees
D:5:      layout_basic, uniq_eustachio, uniq_menkaure
D:6:      layout_gridville, nemelex_dance_club_becter,
          nicolae_ossuary_entry_false_entrances, uniq_pikel, uniq_edmund
D:7:      layout_loops_ring, lemuel_tele_altar, jmf_multi_god_temple,
          uniq_prince_ribbit1, uniq_joseph
D:8:      layout_basic, mainiacjoe_overflow_surrounded_room, st_stairs_13,
          minmay_misc_feat_alley, minmay_misc_feat_encased, serial_bayou_ford_a,
          nicolae_shop_self_help
D:9:      layout_roguey, mainiacjoe_overflow_large_starburst, dpeg_lair_monsters
D:10:     layout_cave_pools, special_room [special_room_orc], minmay_hedge_maze,
          minmay_gold_behind_fungi, hangedman_glass_teeth, minivault_28,
          uniq_snorg
Temple:   nicolae_temple_great_sept
Lair:1:   layout_misc_corridors, grunt_megastairs_2
Lair:2:   layout_hall_layers, minmay_swamp_entry_swarm, grunt_megastairs_1,
          lemuel_fruit_fields, uniq_sonja, uniq_urug

Notes
Turn   | Place    | Note
-------+----------+-------------------------------------------
     0 | D:1      | Sobieck the Tengu Hunter began the quest for the Orb.
     0 | D:1      | Reached XP level 1. HP: 12/12 MP: 2/2
     0 | D:1      | Noticed a demonspawn
     1 | D:1      | Noticed a tengu
     2 | D:1      | Noticed an octopode
     4 | D:1      | Noticed a barachi
     5 | D:1      | Noticed a dwarf
     7 | D:1      | Noticed a gargoyle
     8 | D:1      | Noticed a dwarf
    15 | D:1      | Noticed a ghoul
    15 | D:1      | Noticed a vine stalker
    15 | D:1      | Noticed a minotaur
    17 | D:1      | Noticed a human
    17 | D:1      | Noticed a naga
    19 | D:1      | Noticed a minotaur
    21 | D:1      | Noticed a vine stalker
    50 | D:1      | Found a faded altar of an unknown god.
   116 | D:1      | Reached XP level 2. HP: 17/17 MP: 3/3
   222 | D:1      | Reached skill level 5 in Bows
   634 | D:1      | Reached XP level 3. HP: 21/21 MP: 4/4
  1025 | D:2      | You pick up a book of Flames and begin reading...
  1025 | D:2      | You add the spells Foxfire, Conjure Flame, Inner Flame and
                  | Flame Wave to your library.
  1073 | D:2      | Noticed Natasha
  1079 | D:2      | Killed Natasha
  1080 | D:2      | Reached skill level 6 in Bows
  1080 | D:2      | Reached XP level 4. HP: 13/26 MP: 5/5
  1255 | D:2      | Noticed Sigmund
  1267 | D:2      | You fall into a shaft and drop 1 floor!
  1625 | D:2      | Noticed Natasha
  1629 | D:2      | Killed Natasha
  2050 | D:2      | Killed Sigmund
  2051 | D:2      | Reached skill level 7 in Bows
  2051 | D:2      | Gained mutation: Your magical nature lets you fly swiftly
                  | and evasively. [Tengu growth]
  2051 | D:2      | Reached XP level 5. HP: 30/30 MP: 6/6
  2051 | D:2      | Reached XP level 6. HP: 35/35 MP: 7/7
  2217 | D:2      | Noticed Natasha
  2225 | D:2      | Killed Natasha
  2226 | D:2      | Reached skill level 8 in Bows
  2984 | D:3      | Found a runed translucent door.
  2984 | D:3      | Noticed buhh's ghost (amateur FoHu)
  3415 | D:4      | You pick up a book of Beasts and begin reading...
  3415 | D:4      | You add the spells Summon Ice Beast, Summon Mana Viper and
                  | Monstrous Menagerie to your library.
  3420 | D:4      | Identified the +6 hunting sling "Leudyapt" {venom, rF-
                  | Dex+4}
  3517 | D:4      | Found a staircase to the Ecumenical Temple.
  3532 | Temple   | Entered the Ecumenical Temple
  3544 | Temple   | Became a worshipper of Fedhas Madash
  3945 | D:4      | Reached XP level 7. HP: 40/40 MP: 8/8
  4021 | D:4      | Found a stormy altar of Qazlal.
  4157 | D:4      | Reached skill level 9 in Bows
  4398 | D:5      | Entered Level 5 of the Dungeon
  4692 | D:5      | Noticed Eustachio
  4755 | D:5      | Killed Eustachio
  4756 | D:5      | Reached skill level 10 in Bows
  4930 | D:5      | Reached XP level 8. HP: 44/44 MP: 9/9
  4983 | D:5      | Noticed Menkaure
  4987 | D:5      | Killed Menkaure
  5046 | D:5      | Reached skill level 11 in Bows
  5065 | D:5      | You pick up a book of Armaments and begin reading...
  5065 | D:5      | You add the spells Stone Arrow, Animate Armour and
                  | Lehudib's Crystal Spear to your library.
  5451 | D:6      | Noticed Edmund
  5499 | D:5      | Killed Edmund
  5593 | D:6      | Noticed Pikel
  5626 | D:5      | Killed Pikel
  5627 | D:5      | Reached skill level 12 in Bows
  5652 | D:6      | Found a sand-covered staircase.
  5658 | D:6      | Reached XP level 9. HP: 44/48 MP: 10/10
  5700 | Ossuary  | Entered an ossuary
  5716 | Ossuary  | Reached * piety under Fedhas
  5903 | Ossuary  | Reached skill level 13 in Bows
  6226 | D:6      | Reached ** piety under Fedhas
  6490 | D:6      | You pick up a book of Geomancy and begin reading...
  6490 | D:6      | You add the spells Sandblast and Passwall to your library.
  6730 | D:6      | Found a sparkling altar of Nemelex Xobeh.
  6918 | D:7      | Reached skill level 14 in Bows
  7061 | D:7      | Reached *** piety under Fedhas
  7224 | D:7      | Noticed Joseph
  7407 | D:7      | Reached skill level 15 in Bows
  7412 | D:7      | Found a radiant altar of Vehumet.
  7414 | D:7      | Found an iron altar of Okawaru.
  7434 | D:7      | Noticed Prince Ribbit
  7442 | D:7      | Killed Prince Ribbit
  7443 | D:7      | Reached XP level 10. HP: 53/53 MP: 11/11
  7447 | D:7      | Found a shimmering altar of Xom.
  7941 | D:8      | Reached skill level 16 in Bows
  8039 | D:8      | Noticed a two-headed ogre
  8081 | D:8      | Killed a two-headed ogre
  8082 | D:8      | Reached skill level 1 in Armour
  8082 | D:8      | Reached skill level 1 in Invocations
  8177 | D:8      | Reached skill level 2 in Invocations
  8179 | D:8      | Reached skill level 2 in Stealth
  8197 | D:8      | Reached skill level 3 in Dodging
  8212 | D:8      | HP: 13/54 [centaur/arrow (8)]
  8331 | D:8      | Found a hide-covered altar of Uskayaw.
  8479 | D:8      | Found Guiskuha's Self-Improvement Boutique.
  8642 | D:9      | Found a glowing golden altar of the Shining One.
  8654 | D:9      | Found a broken altar of Ashenzari.
  8785 | D:9      | Reached skill level 2 in Armour
  8813 | D:9      | You pick up a book of Ice and begin reading...
  8813 | D:9      | You add the spells Freezing Cloud, Simulacrum and Polar
                  | Vortex to your library.
  8874 | D:9      | Reached skill level 3 in Fighting
  8876 | D:9      | Reached **** piety under Fedhas
  8923 | D:9      | Reached skill level 3 in Invocations
  9008 | D:9      | Reached skill level 3 in Stealth
  9055 | D:9      | Reached skill level 3 in Armour
  9055 | D:9      | Reached skill level 4 in Dodging
  9072 | D:9      | Reached XP level 11. HP: 60/60 MP: 14/14
  9109 | D:9      | Noticed a death yak
  9109 | D:9      | Noticed a death yak
  9111 | D:9      | Noticed a death yak
  9160 | D:9      | Killed a death yak
  9161 | D:9      | Reached skill level 4 in Invocations
  9211 | D:9      | Killed a death yak
  9212 | D:9      | Reached skill level 4 in Fighting
  9313 | D:9      | Noticed a death yak
  9335 | D:9      | Killed a death yak
  9336 | D:9      | Reached skill level 4 in Armour
  9336 | D:9      | Reached skill level 4 in Stealth
  9395 | D:9      | Noticed a death yak
  9425 | D:9      | Killed a death yak
  9426 | D:9      | Reached skill level 5 in Invocations
  9446 | D:9      | Killed a death yak
  9447 | D:9      | Reached skill level 5 in Dodging
  9511 | D:9      | Found a staircase to the Lair.
  9663 | D:9      | You pick up a book of Air and begin reading...
  9663 | D:9      | You add the spells Shock, Swiftness and Airstrike to your
                  | library.
  9809 | D:10     | Entered Level 10 of the Dungeon
  9816 | D:10     | Noticed Snorg
  9842 | D:10     | Killed Snorg
  9965 | D:10     | You pick up a book of Maledictions and begin reading...
  9965 | D:10     | You add the spells Anguish and Enfeeble to your library.
 10201 | D:10     | Reached skill level 5 in Stealth
 10388 | D:10     | Reached skill level 5 in Fighting
 10395 | D:10     | Reached skill level 5 in Armour
 10395 | D:10     | Reached skill level 6 in Invocations
 10557 | D:10     | Noticed a cyclops
 10558 | D:10     | Noticed a cyclops
 10560 | D:10     | Noticed an orc knight
 10565 | D:10     | Noticed a centaur warrior
 10568 | D:10     | Killed a cyclops
 10569 | D:10     | Noticed a six-headed hydra
 10571 | D:10     | Killed a centaur warrior
 10574 | D:10     | Noticed an orc knight
 10575 | D:10     | Noticed a tengu warrior
 10578 | D:10     | Reached skill level 6 in Dodging
 10578 | D:10     | Reached XP level 12. HP: 61/68 MP: 14/17
 10582 | D:10     | Killed a six-headed hydra
 10776 | D:10     | Noticed an ogre mage
 10847 | Lair:1   | Entered Level 1 of the Lair of Beasts
 10869 | D:9      | Reached skill level 7 in Invocations
 10937 | Lair:1   | Reached skill level 6 in Armour
 11253 | Lair:1   | Reached skill level 6 in Fighting
 11429 | Lair:1   | You pick up a book of Air and begin reading...
 11781 | Lair:2   | Noticed Sonja
 11808 | Lair:2   | HP: 14/70 [poisoned by Sonja]
 11817 | Lair:2   | HP: 10/70 [asphyx]
 11818 | Lair:2   | HP: 4/70 [poisoned by Sonja (curare-tipped dart)]
 11819 | Lair:2   | Succumbed to Sonja's curare-tipped dart

Vanquished Creatures
  Snorg (D:10)
  A hydra (D:10)
  A centaur warrior (D:10)
  3 death yaks (D:9)
  Pikel (D:5)
  2 cyclopes (D:10)
  3 komodo dragons
  An efreet (D:10)
  A hornet (D:9)
  4 blink frogs (Lair:1)
  Prince Ribbit (D:7)
  Sigmund (D:2)
  5 yaks (D:9)
  2 basilisks
  Eustachio (D:5)
  A wraith (Ossuary)
  A steam dragon (D:8)
  4 vampire mosquitoes (D:10)
  3 wyverns
  Edmund (D:5)
  Menkaure (D:5)
  2 water moccasins
  A sky beast (D:7)
  2 orc warriors (D:10)
  An ogre (D:6)
  3 centaurs
  5 wolves (Lair:1)
  3 kobold brigands
  4 scorpions
  7 bullfrogs
  3 necrophages
  9 wights
  3 killer bees (D:9)
  3 electric eels (D:8)
  3 howler monkeys
  5 hounds
  3 jellies
  A gnoll shaman (D:8)
  3 orc priests
  Natasha (thrice) (D:2)
  3 iguanas
  7 orc wizards
  A mummy (Ossuary)
  5 adders
  14 gnolls
  2 shadow imps
  A white imp (D:7)
  2 ufetubi
  2 worms (D:3)
  2 dart slugs
  29 orcs
  4 ball pythons
  4 endoplasms
  6 giant cockroaches
  5 goblins
  9 hobgoblins
  4 jackals (D:1)
  17 kobolds
  4 quokkas
  5 bats
  3 frilled lizards
  12 gnoll skeletons (Ossuary)
  4 kobold skeletons (Ossuary)
  9 orc skeletons (Ossuary)
  7 rats
264 creatures vanquished.

Vanquished Creatures (collateral kills)
  A two-headed ogre (D:8)
  2 death yaks (D:9)
  An orc knight (D:10)
  2 cane toads
  A vampire (D:9)
  A yak (D:9)
  3 water moccasins
  A wolf (Lair:1)
  A bullfrog (D:9)
  A gnoll sergeant (D:7)
  6 killer bees (D:9)
  5 ballistomycete spores (D:10)
25 creatures vanquished.

Vanquished Creatures (others)
  11 bushes (D:10)
  7 fungi
  2 plants
  4 toadstools (D:10)
  2 withered plants (D:3)
26 creatures vanquished.

Grand Total: 315 creatures vanquished

Table legend:
 A = Non-vault XP
 B = Vault XP
 C = Vault XP percentage of total XP
 D = Non-vault monster count
 E = Vault monster count
 F = Vault count percentage of total count
                 A         B        C        D         E       F
            +---------+---------+-------+---------+---------+-------
      Total |   11906 |   12420 |  51.1 |     204 |      80 |  28.2
            +---------+---------+-------+---------+---------+-------
        D:1 |      38 |       0 |   0.0 |      22 |       0 |   0.0
        D:2 |      92 |     261 |  73.9 |      15 |       3 |  16.7
        D:3 |     112 |      14 |  11.1 |      20 |       4 |  16.7
        D:4 |     118 |       0 |   0.0 |      11 |       0 |   0.0
        D:5 |     434 |    1211 |  73.6 |      10 |       4 |  28.6
        D:6 |     721 |     124 |  14.7 |      20 |       2 |   9.1
        D:7 |    1073 |     555 |  34.1 |      23 |       3 |  11.5
        D:8 |    1891 |     205 |   9.8 |      18 |       2 |  10.0
        D:9 |    3303 |    4019 |  54.9 |      29 |       5 |  14.7
       D:10 |    1565 |    4445 |  74.0 |      21 |      25 |  54.3
     Lair:1 |    2119 |    1341 |  38.8 |      13 |       5 |  27.8
     Lair:2 |     440 |       0 |   0.0 |       2 |       0 |   0.0
    Ossuary |       0 |     245 | 100.0 |       0 |      27 | 100.0
            +---------+---------+-------+---------+---------+-------

Illustrated notes

Table legend:
 A = Kills in this place as a percentage of kills in entire the game.
 B = Kills by you in this place as a percentage of kills by you in the entire game.
 C = Kills by friends in this place as a percentage of kills by friends in the entire game.
 D = Other kills in this place as a percentage of other kills in the entire game.
 E = Experience gained in this place as a percentage of experience gained in the entire game.
 F = Experience gained in this place divided by the number of levels of this place that you have seen.
                   A       B       C       D       E      F
               +-------+-------+-------+-------+-------+----------------------
         Total | 100.0 | 100.0 | 100.0 |   N/A | 100.0 | 1737.6
       Dungeon |  83.5 |  83.3 |  85.0 |   N/A |  83.0 | 2018.1
          Lair |   7.0 |   6.4 |  15.0 |   N/A |  16.0 | 1950.0
       Ossuary |   9.5 |  10.2 |   0.0 |   N/A |   1.0 | 245.0
               +-------+-------+-------+-------+-------+----------------------

Table legend: (Time is in decaauts)
 A = Elapsed time spent in this place.
 B = Non-inter-level travel time spent in this place.
 C = Inter-level travel time spent in this place.
 D = Time resting spent in this place.
 E = Time spent auto-exploring this place.
 F = Levels seen in this place.
 G = Mean time per level.
                   A        B        C        D        E       F      G
               +--------+--------+--------+--------+--------+-----+--------+
         Total |  11038 |  10732 |    306 |    778 |   7071 |  14 |  788.4 |
       Dungeon |   9905 |   9641 |    264 |    770 |   6447 |  10 |  990.5 |
        Temple |     20 |     12 |      8 |      0 |      1 |   1 |   20.0 |
          Lair |    807 |    774 |     33 |      8 |    553 |   2 |  403.5 |
       Ossuary |    305 |    305 |      0 |      0 |     68 |   1 |  305.0 |
               +--------+--------+--------+--------+--------+-----+--------+

Top non-repeatable levels by time:
     D:2: 1471 daAuts
     D:9: 1159 daAuts
     D:5: 1134 daAuts
     D:4: 991 daAuts
     D:6: 981 daAuts
     D:1: 967 daAuts
    D:10: 904 daAuts
     D:3: 797 daAuts
     D:8: 759 daAuts
  Lair:1: 740 daAuts
     D:7: 737 daAuts
 Ossuary: 305 daAuts
  Lair:2: 67 daAuts
  Temple: 20 daAuts
